 Dungeon Sprint DCSS version 0.31-a0-879-g1609e0ac53 (webtiles) character file.

Game seed: 12843586731248734914

3383 sircluck the Grappler (level 9, -6/105 HPs)
             Began as a Troll Berserker on Oct 14, 2023.
             Was a High Priest of Trog.
             Mangled by a molten gargoyle
             ... wielding a +0 morningstar
              (12 damage)
             ... in the Dungeon (Sprint VII: "The Pits").
             The game lasted 00:02:29 (669 turns).

sircluck the Grappler (Troll Berserker)              Turns: 669, Time: 00:02:30

Health: -6/105     AC:  4    Str: 31    XL:     9   Next: 74%
Magic:  8/8        EV: 13    Int:  3    God:    Trog [*****.]
Gold:   0          SH:  0    Dex:  9    Spells: 8/8 levels left

rFire   . .          .
                       - Unarmed
rCold   . . .        (no shield)
rNeg    . . .        a - +0 animal skin
rPois   .            (helmet restricted)
rElec   .            (no cloak)
rCorr   .            (gloves unavailable)
SInv    .            (boots unavailable)
Will    .....        (no amulet)
Stlth   +            (no ring)
HPRegen 1.17/turn    (no ring)
MPRegen 0.11/turn

%: no teleportation
@: slowed, very slow
A: large, unfitting armour, claws 3, regeneration 1, shaggy fur 1, tough skin 1
a: Renounce Religion, Berserk, Trog's Hand, Brothers in Arms


You were in the Dungeon.
You worshipped Trog.
Trog was extremely pleased with you.
You visited 1 branch

Inventory:

Armour
 a - a +0 animal skin (worn)
Jewellery
 k - a +3 ring of protection
 l - a +3 ring of evasion
Scrolls
 g - a scroll of blinking
 i - 2 scrolls of vulnerability
 j - a scroll of summoning
Potions
 b - 3 potions of curing
 c - 8 potions of heal wounds
 d - 4 potions of haste
 e - 4 potions of magic
 f - 4 potions of berserk rage
 h - 2 potions of invisibility
 m - a potion of might
 n - a potion of mutation


   Skills:
 + Level 11.5 Fighting
 + Level 11.4 Dodging
 + Level 13.4 Unarmed Combat


You had 8 spell levels left.
You didn't know any spells.
Your spell library was empty.

Dungeon Overview and Level Annotations

Branches:
Dungeon (1/1)

Altars:
Ashenzari
Cheibriados
Dithmenos
Elyvilon
Fedhas
Gozag
Hepliaklqana
Kikubaaqudgha
Makhleb
Nemelex Xobeh
Okawaru
Qazlal
Ru
Sif Muna
Trog
Uskayaw
Vehumet
Wu Jian
Xom
Yredelemnul
Zin
The Shining One
Jiyva
Lugonu

Annotations:
D Eustachio, Joseph


Innate Abilities, Weirdness & Mutations

You are too large for most types of armour.
You have claws for hands.
Your natural rate of healing is unusually fast.
You are covered in fur. (AC +1)
You have tough skin. (AC +1)


Message History

The molten gargoyle blasts magma at you!
The bolt of magma hits you!!
Joseph shouts, "At last, some action!"
Joseph shoots a sling bullet.
The sling bullet barely misses you.
You swap places.
The black mamba bites your ogre!
Your ogre is poisoned.
The black mamba poisons your ogre!
Your ogre misses the black mamba. The black mamba bites your ogre!
Your ogre looks as sick as possible!
The black mamba poisons your ogre! The black mamba bites your ogre!
Your ogre dies!
Your ogre's corpse disappears in a puff of smoke!
Your ogre goes berserk!
Trog will no longer gift you weapons. The black mamba bites you!
Eustachio casts a spell.
Eustachio blinks!
Your ogre closely misses the black mamba.
The black mamba bites you!
You completely miss the black mamba. The black mamba bites you!
Your ogre hits the black mamba with a +0 giant club!!!
The black mamba dies!
Trog accepts your kill.
Trog will now gift you melee weapons as you gain piety.
Eustachio gestures wildly while chanting.
Eustachio blinks!
Unknown command.
Unknown command.
Your ogre hits the molten gargoyle with a +0 giant club!!
You barely miss the molten gargoyle.
The molten gargoyle is heavily damaged.
Something hits you!
* * * LOW HITPOINT WARNING * * *
Something drains your vigour!
You feel yourself slow down.
Deactivating autopickup; reactivate with Ctrl-A.
The molten gargoyle hits you with a +0 morningstar!!
* * * LOW HITPOINT WARNING * * *
You are engulfed in flames!
You die...

'#####......#..#......#
.#..##................#
.÷..#####'#####''######
##+###.......##''#
....##.......##..#
....##.......##.)# #
'#####...<...##..# .##
))..##.......##.)# 9..#
))..##.......##.@## ....@
######.......##.{9##......
.#..###########.O..@......
.#)############...##..§...
.#)#....#..[[##..## .....
.#)#....#..[[##..# ...#
.#.)....'..))##..# .##
.#'#....#..))##..# #
.†.#....#..))##..#


You could see Joseph, a molten gargoyle (ally target) and a friendly ogre
(summoned, berserk).

Vanquished Creatures
  An orc high priest (D)
  A flayed ghost (D)
  A flying skull (D)
  A jumping spider (D)
  A fire bat (D)
  A scorpion (D)
  2 wights (D)
  A quasit (D)
  A jelly (D)
  2 orc priests (D)
  2 orc wizards (D)
  A gnoll (D)
  An adder (D)
  4 orcs (D)
  A giant cockroach (D)
  A goblin (D)
  2 hobgoblins (D)
  A bat (D)
  2 frilled lizards (D)
  A jackal skeleton (D)
  2 kobolds (D)
  2 rats (D)
32 creatures vanquished.

Vanquished Creatures (collateral kills)
  A sea snake (D)
  A black mamba (D)
  A merfolk (D)
  A troll (D)
  A warg (D)
  An orc warrior (D)
  A wight (D)
  An orc priest (D)
  2 orcs (D)
  3 jackals (D)
13 creatures vanquished.

Grand Total: 45 creatures vanquished

Notes
Turn   | Place    | Note
-------+----------+-------------------------------------------
     0 | D        | sircluck the Troll Berserker began the quest for the Orb.
     0 | D        | Reached XP level 1. HP: 22/22 MP: 0/0
    22 | D        | Found a bloodstained altar of Trog.
    22 | D        | Found a shimmering blue altar of Sif Muna.
    22 | D        | Found a viscous altar of Jiyva.
    22 | D        | Found a hazy altar of Hepliaklqana.
    22 | D        | Found an opulent altar of Gozag.
    23 | D        | Found a glowing golden altar of the Shining One.
    23 | D        | Found a glowing silver altar of Zin.
    23 | D        | Found a basalt altar of Yredelemnul.
    23 | D        | Found a shimmering altar of Xom.
    23 | D        | Found an ornate altar of the Wu Jian Council.
    23 | D        | Found a sacrificial altar of Ru.
    23 | D        | Found a stormy altar of Qazlal.
    23 | D        | Found an iron altar of Okawaru.
    23 | D        | Found a sparkling altar of Nemelex Xobeh.
    23 | D        | Found a burning altar of Makhleb.
    23 | D        | Found a blossoming altar of Fedhas.
    23 | D        | Found a white marble altar of Elyvilon.
    23 | D        | Found a shadowy altar of Dithmenos.
    23 | D        | Found a snail-covered altar of Cheibriados.
    27 | D        | Found a corrupted altar of Lugonu.
    27 | D        | Found a radiant altar of Vehumet.
    28 | D        | Found a broken altar of Ashenzari.
    28 | D        | Found an ancient bone altar of Kikubaaqudgha.
    28 | D        | Found a hide-covered altar of Uskayaw.
    67 | D        | Reached ** piety under Trog
    68 | D        | Reached XP level 2. HP: 31/31 MP: 1/1
    80 | D        | Reached skill level 4 in Unarmed Combat
    86 | D        | Noticed a scorpion
   103 | D        | HP: 1/31 [scorpion (6)]
   107 | D        | Killed a scorpion
   107 | D        | Reached *** piety under Trog
   108 | D        | Reached skill level 5 in Unarmed Combat
   108 | D        | Reached XP level 3. HP: 22/40 MP: 2/2
   108 | D        | Reached XP level 4. HP: 27/49 MP: 3/3
   114 | D        | Reached skill level 5 in Fighting
   114 | D        | Reached skill level 6 in Unarmed Combat
   159 | D        | Noticed a fire bat
   173 | D        | Reached **** piety under Trog
   174 | D        | Reached skill level 5 in Dodging
   178 | D        | Reached XP level 5. HP: 55/58 MP: 4/4
   182 | D        | Reached ***** piety under Trog
   192 | D        | Reached skill level 7 in Unarmed Combat
   199 | D        | Received a gift from Trog
   222 | D        | Killed a fire bat
   223 | D        | Reached skill level 8 in Unarmed Combat
   223 | D        | Reached XP level 6. HP: 15/71 MP: 5/5
   282 | D        | Noticed a flying skull
   287 | D        | Killed a flying skull
   288 | D        | Reached skill level 9 in Unarmed Combat
   288 | D        | Reached XP level 7. HP: 64/79 MP: 6/6
   303 | D        | Noticed a jumping spider
   323 | D        | Killed a jumping spider
   394 | D        | Reached skill level 10 in Unarmed Combat
   405 | D        | Noticed an orc high priest
   405 | D        | Noticed a troll
   405 | D        | Noticed a merfolk
   407 | D        | Killed a troll
   409 | D        | Killed a merfolk
   410 | D        | Reached XP level 8. HP: 92/92 MP: 7/7
   410 | D        | Received a gift from Trog
   412 | D        | Reached skill level 11 in Unarmed Combat
   416 | D        | Killed an orc high priest
   417 | D        | Reached skill level 10 in Fighting
   417 | D        | Reached skill level 10 in Dodging
   417 | D        | Reached skill level 12 in Unarmed Combat
   417 | D        | Reached ****** piety under Trog
   417 | D        | Received a gift from Trog
   418 | D        | Reached XP level 9. HP: 97/102 MP: 8/8
   546 | D        | Noticed a flayed ghost
   555 | D        | Killed a flayed ghost
   557 | D        | Noticed a sea snake
   570 | D        | HP: 2/105 [sea snake (17)]
   570 | D        | Killed a sea snake
   571 | D        | Reached skill level 13 in Unarmed Combat
   661 | D        | Noticed a molten gargoyle
   661 | D        | Noticed Joseph
   661 | D        | Noticed a black mamba
   661 | D        | Noticed Eustachio
   667 | D        | Killed a black mamba
   669 | D        | Mangled by a molten gargoyle

Illustrated notes

Levels and vault maps discovered:
D:        pitsprint [storerooms_1, entrance_room_1, metal_vault_3, armoury_3,
          mini_pit_1, grid_room_1, main_hall_1, silver_pit, the_coven_1,
          the_vestibule_1, steel_vault_1, golden_pit, hallway_of_sentries,
          crystal_vault_2, iron_vault_1, final_vault]

Skill      XL: |  1  2  3  4  5  6  7  8  9 |
---------------+----------------------------+-----
Fighting       | 3 4 5 7 9 10 11 | 11.5
Dodging        | 3 4 5 7 9 10 11 | 11.4
Unarmed Combat | 5 6 8 9 10 12 13 | 13.4

Action                     |  1- 3 |  4- 6 |  7- 9 || total
---------------------------+-------+-------+-------++-------
  Melee: Unarmed           |    30 |    46 |    45 ||   121
         Punch             |     1 |     1 |     2 ||     4
 Invoke: Berserk           |     1 |       |       ||     1
         Brothers in Arms  |       |       |     4 ||     4
    Use: Potion            |     1 |       |     3 ||     4
   Stab: Distracted        |       |       |     1 ||     1
 Armour: Animal skin       |    23 |    40 |    44 ||   107
  Dodge: Dodged            |    19 |    34 |    44 ||    97

Table legend: (Time is in decaauts)
 A = Elapsed time spent in this place.
 B = Non-inter-level travel time spent in this place.
 C = Inter-level travel time spent in this place.
 D = Time resting spent in this place.
 E = Time spent auto-exploring this place.
 F = Levels seen in this place.
 G = Mean time per level.
                   A        B        C        D        E       F      G
               +--------+--------+--------+--------+--------+-----+--------+
         Total |    660 |    660 |      0 |    141 |    184 |   1 |  660.0 |
       Dungeon |    660 |    660 |      0 |    141 |    184 |   1 |  660.0 |
               +--------+--------+--------+--------+--------+-----+--------+

Top non-repeatable levels by time:
       D: 660 daAuts
